 Dungeon Crawl Stone Soup version 0.28.0-45-g0d030f2227 (webtiles) character file.

Game seed: 14657954881819763743

35 sking99 the Grave Robber (level 3, 0/26 HPs)
             Began as a Demonspawn Necromancer on May 20, 2022.
             Slain by a gnoll
             ... wielding a +0 spear
              (9 damage)
             ... on level 2 of the Dungeon.
             The game lasted 00:02:11 (1935 turns).

sking99 the Grave Robber (Demonspawn Necromancer)   Turns: 1935, Time: 00:02:11

Health: 0/26       AC:  2    Str: 10    XL:     3   Next: 17%
Magic:  4/6        EV: 12    Int: 16    God:
Gold:   52         SH:  0    Dex: 13    Spells: 4/6 levels left

rFire   . . .      SeeInvis .   f - +1 dagger (venom)
rCold   . . .      Faith    .   (no shield)
rNeg    . . .      Spirit   .   a - +0 robe
rPois   .          Reflect  .   (no helmet)
rElec   .          Harm     .   (no cloak)
rCorr   .          Rampage  .   (no gloves)
Will    .....                   (no boots)
Stlth   ++........              (no amulet)
HPRegen 0.08/turn               (no ring)
MPRegen 0.10/turn               (no ring)

@: no status effects
A: hooves 1
a: no special abilities


You were on level 2 of the Dungeon.
You visited 1 branch of the dungeon, and saw 2 of its levels.

You collected 52 gold pieces.

Inventory:

Hand Weapons
 f - a +1 dagger of venom (weapon)
Armour
 a - a +0 robe (worn)
Scrolls
 b - 2 scrolls of enchant weapon {unknown}
 c - a scroll of holy word {unknown}
Potions
 d - a potion of degeneration {unknown}
 e - a potion of magic {unknown}


   Skills:
 + Level 1.2 Fighting
 - Level 1.7 Dodging
 - Level 1.7 Stealth
 + Level 2.3 Spellcasting
 * Level 5.0 Necromancy


You had 4 spell levels left.
You knew the following spells:

 Your Spells              Type           Power      Damage    Failure   Level
a - Pain                  Necr           72%        1d7       2%          1
b - Animate Skeleton      Necr           36%        N/A       2%          1

Your spell library contained the following spells:

 Spells                   Type           Power      Damage    Failure   Level
 Vampiric Draining        Necr           18%        2d7       8%          3
 Animate Dead             Necr           9%         N/A       24%         4
 Agony                    Necr           18%        N/A       56%         5


Dungeon Overview and Level Annotations

Branches:
Dungeon (2/15)

Altars:


Innate Abilities, Weirdness & Mutations

You have large cloven feet.


Message History

The gnoll hits you with a +2 whip of freezing.
The gnoll freezes you.
Your rat skeleton closely misses the gnoll.
Casting: Animate Skeleton (safe; 2% risk of failure)
Confirm with . or Enter, or press ? or * to list all spells.
Aiming: Pain (safe; 2% risk of failure)
Press: ? - help, Shift-Dir - straight line, f - gnoll
Aim: a gnoll, wielding a +2 whip of freezing (lightly wounded, very poisoned, ally target, chance to affect: 81%)
The gnoll writhes in agony!
The gnoll closely misses you.
The gnoll hits you from afar with a +0 spear!
* * * LOW HITPOINT WARNING * * *
Your rat skeleton closely misses the gnoll.
The gnoll barely misses you.
Your rat skeleton bites the gnoll.
The gnoll hits your rat skeleton with a +0 spear!
Your rat skeleton is destroyed!
You kill the gnoll!
Your Necromancy skill increases to level 5!
You have reached level 3!
Your experience leads to an increase in your attributes!
Increase (S)trength, (I)ntelligence, or (D)exterity?
You feel stronger. x2
The gnoll barely misses you.
There is an open door here.
The gnoll barely misses you.
You see here a +0 hunting sling.
Casting: Pain (safe; 2% risk of failure)
Confirm with . or Enter, or press ? or * to list all spells.
Aiming: Pain (safe; 2% risk of failure)
Press: ? - help, Shift-Dir - straight line, f - gnoll
Aim: a gnoll, wielding a +0 spear (chance to affect: 83%)
The gnoll writhes in agony.
Casting: Pain (safe; 2% risk of failure)
Confirm with . or Enter, or press ? or * to list all spells.
Aiming: Pain (safe; 2% risk of failure)
Press: ? - help, Shift-Dir - straight line, f/p - gnoll
Aim: a gnoll, wielding a +0 spear (moderately wounded, chance to affect: 83%)
The gnoll barely resists.
The gnoll hits you from afar with a +0 spear!
You die...

....# ###.######
#........# #.#.###.##
#)#.###.#
##############g#g#...#
######+##
#.......g.g....#.#.###
#.......#
#.##############.#.#
#...)...#
#.#...@.g........#.#
#.......#
#g#.##############.#
+.......# #.#
#......<# #.#
#.......###g#
#.####### #.#
..####..g...# #.#
#######.#### ..
######## #.#
#..........# .. #.#
##.######### . #.# #.#
#.# #.#


You could see a gnoll.

Vanquished Creatures
  A gnoll (D:2)
  A ball python (D:1)
  4 endoplasms (D:1)
  2 giant cockroaches (D:1)
  3 goblins (D:1)
  A hobgoblin (D:1)
  4 kobolds (D:1)
  A frilled lizard (D:1)
  5 rats
22 creatures vanquished.

Vanquished Creatures (collateral kills)
  An endoplasm (D:1)
1 creature vanquished.

Grand Total: 23 creatures vanquished

Notes
Turn   | Place    | Note
-------+----------+-------------------------------------------
     0 | D:1      | sking99 the Demonspawn Necromancer began the quest for the
                  | Orb.
     0 | D:1      | Reached XP level 1. HP: 13/13 MP: 3/3
   364 | D:1      | Gained mutation: You have large cloven feet. [demonic
                  | ancestry]
   364 | D:1      | Reached XP level 2. HP: 17/20 MP: 1/5
   858 | D:1      | Learned a level 1 spell: Animate Skeleton
  1069 | D:1      | Reached skill level 1 in Fighting
  1892 | D:2      | Reached skill level 5 in Necromancy
  1892 | D:2      | Reached XP level 3. HP: 8/26 MP: 3/6
  1935 | D:2      | Slain by a gnoll

Illustrated notes

Levels and vault maps discovered:
D:1:      minmay_arrival_split_and_join, layout_basic, nrook_campfire,
          grunt_decor_mini_mirrors
D:2:      layout_basic, shapermc_ecumenical_altar_hornbeckon

Skill      XL: |  1  2 |
---------------+-------+-----
Fighting       | 1 |  1.2
Necromancy     | 5 |  5.0
Dodging        | |  1.7
Stealth        | |  1.7
Spellcasting   | |  2.3

Action                   || total
-------------------------++-------
Melee: Dagger            ||     3
       Kick              ||     2
       Unarmed           ||     1
 Cast: Pain              ||    36
       Animate Skeleton  ||     4
Armor: Robe              ||     3
Dodge: Dodged            ||    25
